Map: Catalyst LE

Players

Seismic

  • Race: Terran Terran
  • League: Gold
  • Spawn Location: 5:00

A.I. 1 (Easy) - Winner!

  • Race: Zerg Zerg
  • Spawn Location: 11:00

VOD

Have the link to the VOD?

Description

Time

  • Played on: Feb. 28, 2018, 9:30 p.m.
  • Length: 8:40
Show
View Real Time Build Order
Export as new Build Order

Seismic Terran 

Build Orders: Liberator Opening, Bio Tank 

Get SALT Encoding   

  12  0:01  SCV  
  13  0:13  SCV  
  14  0:17  Supply Depot  
  14  0:25  SCV  
  15  0:29  Refinery  
  15  0:39  SCV  
  16  0:46  Barracks  
  16  0:51  SCV  
  17  1:03  SCV  
  18  1:15  SCV  
  19  1:33  Barracks Reactor  
  19  1:35  Orbital Command  
  19  1:51  Command Center  
  19  2:03  Factory  
  19  2:06  SCV  
  20  2:15  Supply Depot  
  20  2:19  Marine  
  20  2:22  SCV  
  22  2:26  Refinery  
  22  2:34  SCV  
  23  2:46  SCV  
  23  2:48  Starport, Factory Tech Lab  
  24  3:00  SCV  
  24  3:01  Marine  
  24  3:02  Marine  
  24  3:04  Orbital Command  
  27  3:13  Siege Tank  
  27  3:17  SCV  
  31  3:23  Supply Depot  
  31  3:29  SCV  
  32  3:37  Marine x2  
  32  3:39  SCV  
  35  3:47  SCV  
  36  3:54  Marine  
  36  3:55  Marine, Liberator  
  38  3:56  Siege Tank  
  41  4:06  Supply Depot, SCV x2  
  46  4:18  SCV x2  
  48  4:25  Marine  
  48  4:26  Marine  
  48  4:30  Siege Tank  
  53  4:35  SCV  
  53  4:36  SCV  
  55  4:43  Marine x2  
  57  4:48  SCV  
  57  4:49  SCV  
  59  5:00  Barracks  
  59  5:01  SCV x2  
  59  5:02  Barracks  
  61  5:12  Refinery  
  61  5:13  Refinery  
  61  5:16  Engineering Bay  
  61  5:22  Marine  
  61  5:24  Marine  
  61  5:25  Starport Reactor  
  62  5:29  Supply Depot  
  62  5:37  Supply Depot  
  62  5:38  Supply Depot  
  62  5:49  Barracks Tech Lab  
  62  5:50  Barracks Tech Lab  
  62  5:51  Siege Tank, Marine x2, SCV x2  
  69  6:00  Supply Depot  
  69  6:03  Supply Depot, SCV x2  
  71  6:12  Marine x2  
  71  6:13  Marine x2  
  71  6:15  SCV x2  
  71  6:16  Combat Shields  
  71  6:18  Stimpack  
  77  6:23  Siege Tank  
  80  6:28  Medivac  
  80  6:30  Marine x2  
  80  6:31  Marine x2  
  86  6:33  Supply Depot  
  86  6:35  Supply Depot, SCV  
  86  6:36  SCV  
  88  6:48  Marine x2  
  88  6:49  Marine  
  88  6:53  Barracks  
  91  6:55  Siege Tank  
  91  6:58  SCV x2  
  91  6:59  Barracks  
  96  7:08  Marine x2  
  98  7:09  Marine x2  
  98  7:14  Medivac  
  102  7:18  Medivac  
  104  7:25  Supply Depot  
  104  7:27  Siege Tank  
  104  7:29  Supply Depot  
  107  7:41  Marine  
  107  7:42  Marine  
  107  7:43  Barracks Reactor  
  109  7:45  Marine  
  109  7:48  Barracks Reactor  
  110  7:52  Marine  
  110  7:55  Medivac  
  110  7:56  Medivac  
  115  7:59  Siege Tank  
  115  8:04  Supply Depot  
  118  8:08  Supply Depot, Marine  
  118  8:09  Marine  
  118  8:10  Marine  
  122  8:21  Marine  
  122  8:22  Marine  
Show
View Real Time Build Order
Export as new Build Order

A.I. 1 (Easy) Zerg - Winner!

Build Orders: Pool First 

Get SALT Encoding   

  12  0:01  Drone  
  13  0:12  Overlord  
  13  0:16  Drone  
  14  0:31  Drone  
  14  0:35  Drone  
  16  0:43  Spawning Pool  
  16  0:45  Drone  
  16  0:49  Extractor  
  15  0:51  Drone  
  16  0:59  Overlord  
  16  1:30  Zergling x2  
  16  1:31  Queen  
  19  1:33  Roach Warren  
  19  1:34  Extractor  
  19  1:38  Drone  
  18  1:42  Drone, Zergling x2  
  20  2:07  Overlord  
  20  2:15  Roach  
  22  2:20  Drone  
  23  2:26  Drone  
  24  2:35  Drone  
  25  2:39  Drone, Roach  
  25  2:43  Drone  
  29  2:47  Drone  
  30  2:57  Overlord  
  30  3:09  Roach  
  32  5:19  Lair, Drone, Roach  
  32  5:21  Overlord  
  35  5:23  Drone  
  35  5:28  Drone  
  37  5:32  Drone  
  38  5:57  Zergling x2  
  31  6:16  Roach, Overseer x2  
  33  6:20  Hydralisk Den  
  32  6:36  Roach  
  34  6:43  Hatchery  
  34  6:44  Drone  
  34  6:55  Roach  
  36  7:13  Hydralisk  
  38  7:33  Hydralisk  
  40  7:55  Drone  
  41  8:00  Drone  
  41  8:04  Drone  
  43  8:07  Extractor  
  43  8:08  Drone  
  43  8:10  Extractor  
  42  8:13  Drone  
  42  8:17  Drone  
  44  8:22  Drone  
  44  8:26  Drone  
Tags
 
Composition
Bio Tank
League
Gold
Matchup
TvZ
Spawn Locations
Cross Positions
Add a new tag
Caveats
  • Supply blocks, unpowered buildings, or Contaminate may cause inaccurate times.
  • Supply counts are checked every 10 seconds.